 Dungeon Crawl Stone Soup version 0.29.1-1-gd02db6906a (webtiles) character file.

Game seed: 5799991180750880100

56 nonceun the Chopper (level 3, -1/31 HPs)
             Began as a Minotaur Berserker on Sept 28, 2022.
             Was a Follower of Trog.
             Slain by a goblin
             ... wielding a +0 club
             ... led by Robin
              (5 damage)
             ... on level 2 of the Dungeon.
             The game lasted 00:04:23 (1741 turns).

nonceun the Chopper (Minotaur Berserker)            Turns: 1741, Time: 00:04:24

Health: -1/31      AC:  2    Str: 23    XL:     3   Next: 69%
Magic:  2/2        EV: 12    Int:  4    God:    Trog [*.....]
Gold:   113        SH:  0    Dex:  9    Spells: 2/2 levels left

rFire   . . .      SeeInvis .   a - +0 hand axe
rCold   . . .      Faith    .   (no shield)
rNeg    . . .      Spirit   .   b - +0 animal skin
rPois   .          Reflect  .   (helmet restricted)
rElec   .          Harm     .   (no cloak)
rCorr   .          Rampage  .   (no gloves)
Will    .....                   (no boots)
Stlth   +.........              (no amulet)
HPRegen 0.10/turn               (no ring)
MPRegen 0.08/turn               (no ring)

@: on berserk cooldown, slowed, very slow
A: horns 2, retaliatory headbutt
a: Renounce Religion, Berserk


You were on level 2 of the Dungeon.
You worshipped Trog.
Trog was aware of your devotion.
You visited 1 branch of the dungeon, and saw 2 of its levels.

You collected 113 gold pieces.

Inventory:

Hand Weapons
 a - a +0 hand axe (weapon)
Missiles
 f - 26 stones (quivered)
Armour
 b - a +0 animal skin (worn)
Scrolls
 c - a scroll of amnesia {unknown}
 d - a scroll of identify {unknown}
 g - 3 scrolls of enchant weapon {unknown}
 k - a scroll of butterflies {unknown}
 l - a scroll of immolation {unknown}
 n - a scroll of blinking {unknown}
 o - a scroll of enchant armour {unknown}
Potions
 e - 2 potions of magic {unknown}
 h - a potion of brilliance {unknown}
 i - a potion of mutation {unknown}
 j - 3 potions of lignification {unknown}
 m - a potion of attraction {unknown}


   Skills:
 - Level 3.6 Fighting
 * Level 5.7 Axes
 - Level 2.4 Armour
 - Level 2.1 Dodging


You had 2 spell levels left.
You didn't know any spells.
Your spell library was empty.

Dungeon Overview and Level Annotations

Branches:
Dungeon (2/15)

Altars:


Innate Abilities, Weirdness & Mutations

You have a pair of horns on your head.
You reflexively headbutt those who attack you in melee.


Message History

You kill the goblin!
Trog accepts your kill.
Robin zaps a wand.
The roots erupt in riotous growth!
The grasping roots grab you! The grasping roots constrict you.
You slash the goblin!
You kill the goblin!
Trog accepts your kill. The grasping roots constrict you.
You slash Robin!
Robin is severely wounded.
You barely miss Robin.
Robin is severely wounded.
Robin hits you with a +0 club. The grasping roots constrict you!
* * * LOW HITPOINT WARNING * * *
You hit Robin.
Robin is almost dead.
The grasping roots constrict you.
* * * LOW HITPOINT WARNING * * *
A goblin comes into view. It is wielding a +0 club.
The grasping roots release their grip on you.
You slash Robin!
You kill Robin!
Trog accepts your kill.
Found a stone staircase leading down.
You are no longer berserk.
You are exhausted.
You feel yourself slow down. The hobgoblin misses you.
There is an open door, spattered with blood here.
Items here: )))) / [[ ††.
You hit the hobgoblin.
The hobgoblin is severely wounded.
You hit the goblin. The goblin misses you. The hobgoblin closely misses you.
The goblin closely misses you. The goblin hits you with a +0 club.
* * * LOW HITPOINT WARNING * * *
The hobgoblin closely misses you. The hobgoblin attacks as you move away!
The hobgoblin hits you.
* * * LOW HITPOINT WARNING * * *
The goblin attacks as you move away! The goblin hits you with a +0 club.
You die...

#.#...### #.#.#
#.#.###.#####.#.####
#.#.....##....#.....
#.#####.##.#..###...
#.#####.#..#.####...
#....##.#..#....#...
########.##.#.##.##.#...
......g#)##.#.....#.#...
.)....g@.##.....###.#..#
......g########.###.#.##
......g . #.....#.#
....... #. #######.#
....... #. ###.# #######
#..#####...#
###)....#.####
..............
#######.###.##


You could see a hobgoblin (strong) and 3 goblins.

Vanquished Creatures
  Robin (D:2)
  A dart slug (D:2)
  2 ball pythons (D:1)
  4 endoplasms
  A giant cockroach (D:1)
  7 goblins
  3 hobgoblins
  6 jackals
  A kobold (D:1)
  3 quokkas
  A bat (D:1)
  3 frilled lizards
  4 rats
37 creatures vanquished.

Notes
Turn   | Place    | Note
-------+----------+-------------------------------------------
     0 | D:1      | nonceun the Minotaur Berserker began the quest for the Orb.
     0 | D:1      | Reached XP level 1. HP: 19/19 MP: 0/0
    47 | D:1      | Reached skill level 4 in Axes
   228 | D:1      | Reached XP level 2. HP: 26/26 MP: 1/1
  1127 | D:2      | Reached skill level 5 in Axes
  1223 | D:2      | Reached XP level 3. HP: 31/31 MP: 2/2
  1724 | D:2      | Noticed Robin
  1738 | D:2      | Killed Robin
  1741 | D:2      | Slain by a goblin

Illustrated notes

Levels and vault maps discovered:
D:1:      lemuel_arrival_behind_the_door_small, layout_loops_ring
D:2:      layout_basic, uniq_robin

Skill      XL: |  1  2 |
---------------+-------+-----
Axes           | 4 5 |  5.7
Fighting       | |  3.6
Armour         | |  2.4
Dodging        | |  2.1

Action                   || total
-------------------------++-------
Melee: Hand axe          ||    86
       Headbutt          ||     9
Invok: Berserk           ||     2
Armor: Animal skin       ||    13
Dodge: Dodged            ||    33
